| TOP OF THE 1ST |
|
Hamilton Cardinals batting - Pitching for Canton Indians : RHP John Bychyk
|
|
Pitching: RHP John Bychyk
|
|
|
Batting: SHB Kelly Brooks
|
0-0: Called Strike 0-1: Called Strike 0-2: Foul Ball, location: 2F 0-2: Ball 1-2: Ball 2-2: Ground out 4-3 (Groundball, 4, EV 86.9 MPH)
|
|
Batting: LHB Rafael Banda
|
0-0: Called Strike 0-1: Ball 1-1: Ball 2-1: Swinging Strike 2-2: Ball 3-2: Strikes out swinging
|
|
Batting: RHB Shou-feng Chang
|
0-0: SINGLE (Flyball, 4D, EV 95.6 MPH)
|
|
Batting: LHB Pete Mitchell
|
0-0: Foul Ball, location: 2F 0-1: Fly out, F5 (Popup, 5F, EV 76.2 MPH)
|
| Top of the 1st over - 0 runs, 1 hit, 0 errors, 1 left on base; Hamilton 0 - Canton 0 |
| BOTTOM OF THE 1ST |
|
Canton Indians batting - Pitching for Hamilton Cardinals : LHP J.T. Ready
|
|
Pitching: LHP J.T. Ready
|
|
|
Batting: RHB Joe Bauer
|
0-0: Foul Ball, location: 2F 0-1: Called Strike 0-2: Ball 1-2: Strikes out swinging
|
|
Batting: RHB Tony Gonzales
|
0-0: Foul Ball, location: 2F 0-1: Ball 1-1: Called Strike 1-2: Foul Ball, location: 2F 1-2: Foul Ball, location: 2F 1-2: Ball 2-2: Ball 3-2: Foul Ball, location: 2F 3-2: Fly out, F9 (Flyball, 89S, EV 85.6 MPH)
|
|
Batting: SHB Bob Ledlow
|
0-0: DOUBLE (Flyball, 9D, EV 105.6 MPH)
|
|
Batting: LHB Mike Humfleet
|
0-0: Ball 1-0: Ball 2-0: Ball 3-0: Called Strike 3-1: Foul Ball, location: 2F 3-2: Foul Ball, location: 2F 3-2: Fly out, F8 (Line Drive, 8LD, EV 94.4 MPH)
|
| Bottom of the 1st over - 0 runs, 1 hit, 0 errors, 1 left on base; Hamilton 0 - Canton 0 |
| TOP OF THE 2ND |
|
Hamilton Cardinals batting - Pitching for Canton Indians : RHP John Bychyk
|
|
Batting: SHB Jae-hong Kym
|
0-0: Ball 1-0: Ball 2-0: Ground out 1-3 (Groundball, 13, EV 69.4 MPH)
|
|
Batting: RHB Oscar Higareda
|
0-0: Ball 1-0: Foul Ball, location: 2F 1-1: Ball 2-1: Swinging Strike 2-2: Ball 3-2: Strikes out swinging
|
|
Batting: SHB J.T. Ready
|
0-0: Swinging Strike 0-1: TRIPLE (Flyball, 8RXD, EV 89.4 MPH)
|
|
Batting: SHB Brad Meyer
|
0-0: Called Strike 0-1: Fly out, F8 (Line Drive, 8LM, EV 89.4 MPH)
|
| Top of the 2nd over - 0 runs, 1 hit, 0 errors, 1 left on base; Hamilton 0 - Canton 0 |
| BOTTOM OF THE 2ND |
|
Canton Indians batting - Pitching for Hamilton Cardinals : LHP J.T. Ready
|
|
Batting: LHB Jason Kessler
|
0-0: Called Strike 0-1: Foul Ball, location: 2F 0-2: Ball 1-2: Ball 2-2: Strikes out swinging
|
|
Batting: RHB Cruz Castro
|
0-0: Ball 1-0: Ball 2-0: Fly out, F9 (Flyball, 89M, EV 87.5 MPH)
|
|
Batting: RHB Ryan Paquette
|
0-0: Swinging Strike 0-1: Ball 1-1: Ball 2-1: Foul Ball, location: 2F 2-2: Strikes out looking
|
| Bottom of the 2nd over - 0 runs, 0 hits, 0 errors, 0 left on base; Hamilton 0 - Canton 0 |
| TOP OF THE 3RD |
|
Hamilton Cardinals batting - Pitching for Canton Indians : RHP John Bychyk
|
|
Batting: SHB Felipe Campanella
|
0-0: Called Strike 0-1: Ball 1-1: Ball 2-1: Ball 3-1: Base on Balls
|
|
Batting: SHB Kelly Brooks
|
0-0: SINGLE (Groundball, 56, EV 102.5 MPH) Felipe Campanella to second
|
|
Batting: LHB Rafael Banda
|
0-0: Grounds into double play, 4-6-3 (Groundball, 4, EV 102.5 MPH) Felipe Campanella to third
|
|
Batting: RHB Shou-feng Chang
|
0-0: 2-RUN HOME RUN (Flyball, 7D, EV 97.5 MPH), Distance : 385 ft
|
|
Batting: LHB Pete Mitchell
|
0-0: Called Strike 0-1: Ball 1-1: Ground out 3-1 (Groundball, 34, EV 98.8 MPH)
|
| Top of the 3rd over - 2 runs, 2 hits, 0 errors, 0 left on base; Hamilton 2 - Canton 0 |
| BOTTOM OF THE 3RD |
|
Canton Indians batting - Pitching for Hamilton Cardinals : LHP J.T. Ready
|
|
Batting: SHB Ryan Donohoe
|
0-0: Called Strike 0-1: Called Strike 0-2: Foul Ball, location: 2F 0-2: Ball 1-2: Ball 2-2: Ball 3-2: Strikes out looking
|
|
Batting: SHB Jose Abreu
|
0-0: Ball 1-0: Ball 2-0: Ball 3-0: Called Strike 3-1: Foul Ball, location: 2F 3-2: Strikes out swinging
|
|
Batting: RHB Joe Bauer
|
0-0: Ball 1-0: Foul Ball, location: 2F 1-1: Called Strike 1-2: SINGLE (Groundball, 56, EV 94.4 MPH)
|
|
Batting: RHB Tony Gonzales
|
0-0: Called Strike 0-1: Swinging Strike 0-2: Ball 1-2: Ball 2-2: Ground out 4-3 (Groundball, 4, EV 91.2 MPH)
|
| Bottom of the 3rd over - 0 runs, 1 hit, 0 errors, 1 left on base; Hamilton 2 - Canton 0 |
| TOP OF THE 4TH |
|
Hamilton Cardinals batting - Pitching for Canton Indians : RHP John Bychyk
|
|
Batting: SHB Jae-hong Kym
|
0-0: SINGLE (Flyball, 6D, EV 86.9 MPH)
|
|
Batting: RHB Oscar Higareda
|
0-0: Called Strike 0-1: Ball 1-1: Foul Ball, location: 2F 1-2: Foul Ball, location: 2F 1-2: Strikes out swinging
|
|
Batting: SHB J.T. Ready
|
0-0: Swinging Strike 0-1: Called Strike 0-2: Foul Ball, location: 2F 0-2: Foul Ball, location: 2F 0-2: Strikes out swinging
|
|
Batting: SHB Brad Meyer
|
0-0: Called Strike 0-1: Ball 1-1: Called Strike 1-2: DOUBLE (Flyball, 8RXD, EV 95.6 MPH) Jae-hong Kym to third
|
|
Batting: SHB Felipe Campanella
|
0-0: Ball 1-0: Called Strike 1-1: Foul Ball, location: 2F 1-2: Strikes out swinging
|
| Top of the 4th over - 0 runs, 2 hits, 0 errors, 2 left on base; Hamilton 2 - Canton 0 |
| BOTTOM OF THE 4TH |
|
Canton Indians batting - Pitching for Hamilton Cardinals : LHP J.T. Ready
|
|
Batting: SHB Bob Ledlow
|
0-0: Foul Ball, location: 2F 0-1: Swinging Strike 0-2: Foul Ball, location: 2F 0-2: Fly out, F7 (Flyball, 8LS, EV 83.8 MPH)
|
|
Batting: LHB Mike Humfleet
|
0-0: Hit by Pitch
|
|
Batting: LHB Jason Kessler
|
0-0: Ball 1-0: Foul Ball, location: 2F 1-1: Foul Ball, location: 2F 1-2: Ball 2-2: Foul Ball, location: 2F 2-2: Strikes out swinging
|
|
Batting: RHB Cruz Castro
|
0-0: Ball 1-0: Ball 2-0: Ball 3-0: Called Strike 3-1: Base on Balls Mike Humfleet to second
|
|
Batting: RHB Ryan Paquette
|
0-0: Foul Ball, location: 2F 0-1: Foul Ball, location: 2F 0-2: Ball 1-2: Ball 2-2: Ball 3-2: Strikes out swinging
|
| Bottom of the 4th over - 0 runs, 0 hits, 0 errors, 2 left on base; Hamilton 2 - Canton 0 |
| TOP OF THE 5TH |
|
Hamilton Cardinals batting - Pitching for Canton Indians : RHP John Bychyk
|
|
Batting: SHB Kelly Brooks
|
0-0: Swinging Strike 0-1: Ball 1-1: Fly out, F8 (Flyball, 8LD, EV 84.4 MPH)
|
|
Batting: LHB Rafael Banda
|
0-0: Called Strike 0-1: Ball 1-1: Foul Ball, location: 2F 1-2: Foul Ball, location: 2F 1-2: Fly out, F6 (Popup, 6MS, EV 65.6 MPH)
|
|
Batting: RHB Shou-feng Chang
|
0-0: Ball 1-0: Swinging Strike 1-1: Hit by Pitch
|
|
Batting: LHB Pete Mitchell
|
0-0: Ball 1-0: Ball 2-0: Ball 3-0: Called Strike 3-1: Called Strike 3-2: Foul Ball, location: 2F 3-2: Strikes out swinging
|
| Top of the 5th over - 0 runs, 0 hits, 0 errors, 1 left on base; Hamilton 2 - Canton 0 |
| BOTTOM OF THE 5TH |
|
Canton Indians batting - Pitching for Hamilton Cardinals : LHP J.T. Ready
|
|
Batting: SHB Ryan Donohoe
|
0-0: Fly out, F8 (Flyball, 8LD, EV 103.8 MPH)
|
|
Batting: SHB Jose Abreu
|
0-0: Called Strike 0-1: Foul Ball, location: 2F 0-2: Strikes out swinging
|
|
Batting: RHB Joe Bauer
|
0-0: SINGLE (Groundball, 56S, EV 64.4 MPH) (infield hit)
|
|
Pitching: RHP Tom Gordam
|
|
|
Batting: RHB Tony Gonzales
|
0-0: Ball 1-0: Ball 2-0: Foul Ball, location: 2F 2-1: Called Strike 2-2: Foul Ball, location: 2F 2-2: Foul Ball, location: 2F 2-2: Foul Ball, location: 2F 2-2: Strikes out swinging
|
| Bottom of the 5th over - 0 runs, 1 hit, 0 errors, 1 left on base; Hamilton 2 - Canton 0 |
| TOP OF THE 6TH |
|
Hamilton Cardinals batting - Pitching for Canton Indians : RHP John Bychyk
|
|
Batting: SHB Jae-hong Kym
|
0-0: Ball 1-0: Called Strike 1-1: Foul Ball, location: 2F 1-2: Strikes out swinging
|
|
Batting: RHB Oscar Higareda
|
0-0: Ball 1-0: Called Strike 1-1: Foul Ball, location: 2F 1-2: Fly out, F9 (Flyball, 9, EV 94.4 MPH)
|
|
Batting: SHB J.T. Ready
|
0-0: Called Strike 0-1: Ball 1-1: Swinging Strike 1-2: Fly out, F7 (Flyball, 7D, EV 95.0 MPH)
|
| Top of the 6th over - 0 runs, 0 hits, 0 errors, 0 left on base; Hamilton 2 - Canton 0 |
| BOTTOM OF THE 6TH |
|
Canton Indians batting - Pitching for Hamilton Cardinals : RHP Tom Gordam
|
|
Batting: SHB Bob Ledlow
|
0-0: Called Strike 0-1: Ball 1-1: Called Strike 1-2: Strikes out looking
|
|
Batting: LHB Mike Humfleet
|
0-0: Ball 1-0: Ball 2-0: Ball 3-0: Base on Balls
|
|
Batting: LHB Jason Kessler
|
0-0: Called Strike 0-1: Ball 1-1: Swinging Strike 1-2: Ball 2-2: Strikes out swinging
|
|
Pinch Hitting: RHB Rob Marti
|
0-0: Ball 1-0: Swinging Strike 1-1: Ball 2-1: Foul Ball, location: 2F 2-2: Ground out 4-3 (Groundball, 34, EV 82.5 MPH)
|
| Bottom of the 6th over - 0 runs, 0 hits, 0 errors, 1 left on base; Hamilton 2 - Canton 0 |
| TOP OF THE 7TH |
|
Hamilton Cardinals batting - Pitching for Canton Indians : RHP John Bychyk
|
|
Now at 3B: Rob Marti
|
|
|
Batting: SHB Brad Meyer
|
0-0: Ball 1-0: Fly out, F2 (Popup, 5SF, EV 81.2 MPH)
|
|
Batting: SHB Felipe Campanella
|
0-0: Called Strike 0-1: Ball 1-1: Called Strike 1-2: Fly out, F7 (Flyball, 7D, EV 83.8 MPH)
|
|
Batting: SHB Kelly Brooks
|
0-0: Ball 1-0: Ball 2-0: Ball 3-0: Called Strike 3-1: Swinging Strike 3-2: Strikes out swinging
|
| Top of the 7th over - 0 runs, 0 hits, 0 errors, 0 left on base; Hamilton 2 - Canton 0 |
| BOTTOM OF THE 7TH |
|
Canton Indians batting - Pitching for Hamilton Cardinals : RHP Tom Gordam
|
|
Batting: RHB Ryan Paquette
|
0-0: Called Strike 0-1: Fly out, F1 (Line Drive, P, EV 75.0 MPH)
|
|
Batting: SHB Ryan Donohoe
|
0-0: Called Strike 0-1: Ball 1-1: Swinging Strike 1-2: Ball 2-2: Strikes out swinging, 2-3 out at first.
|
|
Batting: SHB Jose Abreu
|
0-0: Ball 1-0: Ball 2-0: Ball 3-0: Called Strike 3-1: Base on Balls
|
|
Batting: RHB Joe Bauer
|
0-0: SINGLE (Groundball, 56, EV 86.2 MPH) (infield hit) Jose Abreu to second
|
|
Batting: RHB Tony Gonzales
|
0-0: Called Strike 0-1: Ball 1-1: Ball 2-1: Foul Ball, location: 2F 2-2: Foul Ball, location: 2F 2-2: Ball 3-2: Base on Balls Jose Abreu to third Joe Bauer to second
|
|
Pitching: RHP Francisco Galindo
|
|
|
Batting: RHB Quan Tai
|
0-0: Called Strike 0-1: Ball 1-1: Called Strike 1-2: Strikes out swinging
|
| Bottom of the 7th over - 0 runs, 1 hit, 0 errors, 3 left on base; Hamilton 2 - Canton 0 |
| TOP OF THE 8TH |
|
Hamilton Cardinals batting - Pitching for Canton Indians : RHP John Bychyk
|
|
Pitching: RHP Abdul-Wadud Mazin
|
|
|
Batting: LHB Rafael Banda
|
0-0: Called Strike 0-1: Swinging Strike 0-2: Ball 1-2: SINGLE (Line Drive, 7S, EV 102.5 MPH)
|
|
Batting: RHB Shou-feng Chang
|
0-0: Called Strike 0-1: Ball 1-1: Swinging Strike 1-2: Strikes out swinging
|
|
Batting: LHB Pete Mitchell
|
0-0: Ball 1-0: Called Strike 1-1: Grounds into double play, 5-4-3 (Groundball, 5, EV 91.2 MPH)
|
| Top of the 8th over - 0 runs, 1 hit, 0 errors, 0 left on base; Hamilton 2 - Canton 0 |
| BOTTOM OF THE 8TH |
|
Canton Indians batting - Pitching for Hamilton Cardinals : RHP Francisco Galindo
|
|
Batting: LHB Mike Humfleet
|
0-0: Ball 1-0: Called Strike 1-1: Foul Ball, location: 2F 1-2: Strikes out swinging
|
|
Batting: LHB Jason Kessler
|
0-0: Ball 1-0: Swinging Strike 1-1: Ball 2-1: Swinging Strike 2-2: Foul Ball, location: 2F 2-2: Foul Ball, location: 2F 2-2: Strikes out swinging
|
|
Batting: RHB Rob Marti
|
0-0: Foul Ball, location: 2F 0-1: Foul Ball, location: 2F 0-2: Ball 1-2: Ball 2-2: Ball 3-2: Base on Balls
|
|
Batting: RHB Ryan Paquette
|
0-0: Ball Pickoff Throw to First - Out! 1-3 CS
|
| Bottom of the 8th over - 0 runs, 0 hits, 0 errors, 0 left on base; Hamilton 2 - Canton 0 |
| TOP OF THE 9TH |
|
Hamilton Cardinals batting - Pitching for Canton Indians : RHP Abdul-Wadud Mazin
|
|
Batting: SHB Jae-hong Kym
|
0-0: Foul Ball, location: 2F 0-1: Foul Ball, location: 2F 0-2: Foul Ball, location: 2F 0-2: Ball 1-2: Foul Ball, location: 2F 1-2: Ball 2-2: Fly out, F7 (Flyball, 78D, EV 101.9 MPH)
|
|
Batting: RHB Oscar Higareda
|
0-0: Fly out, F7 (Flyball, 78M, EV 78.1 MPH)
|
|
Batting: SHB J.T. Ready
|
0-0: Ball 1-0: Ball 2-0: Ball 3-0: Called Strike 3-1: Foul Ball, location: 2F 3-2: Foul Ball, location: 2F 3-2: Base on Balls
|
|
Pitching: RHP Roberto Lamadrid
|
|
|
Batting: SHB Brad Meyer
|
0-0: Called Strike 0-1: Ball 1-1: Ball 2-1: Swinging Strike 2-2: Ground out 6-3 (Groundball, 6MS, EV 88.8 MPH)
|
| Top of the 9th over - 0 runs, 0 hits, 0 errors, 1 left on base; Hamilton 2 - Canton 0 |
| BOTTOM OF THE 9TH |
|
Canton Indians batting - Pitching for Hamilton Cardinals : RHP Francisco Galindo
|
|
Pitching: RHP David Lopez
|
|
|
Now in LF: Diego Herrera
|
|
|
Pinch Hitting: LHB Dorian Oram
|
0-0: Called Strike 0-1: Ball 1-1: Ball 2-1: Ball 3-1: Foul Ball, location: 2F 3-2: Base on Balls
|
|
Pinch Hitting: RHB Xavier Bartolani
|
0-0: Called Strike 0-1: Fielders Choice at 2nd, 6-4 (Groundball, 6, EV 88.1 MPH)
|
|
Pinch Hitting: RHB Willie Toral
|
0-0: Fly out, F6 (Popup, 6, EV 61.9 MPH)
|
|
Batting: RHB Joe Bauer
|
0-0: Called Strike 0-1: Ball 1-1: Foul Ball, location: 2F 1-2: Ball 2-2: Strikes out swinging
|
| Bottom of the 9th over - 0 runs, 0 hits, 0 errors, 1 left on base; Hamilton 2 - Canton 0 |
|